 Dungeon Crawl Stone Soup version 0.29.1-14-g9c671dbff4 (webtiles) character file.

Game seed: 13623896549711678645

14 hawla the Firebug (level 2, 0/20 HPs)
             Began as a Meteoran Fire Elementalist on Feb 12, 2023.
             Slain by a quokka (1 damage)
             ... on level 1 of the Dungeon.
             The game lasted 00:01:23 (156 turns).

hawla the Firebug (Meteoran Fire Elementalist)       Turns: 156, Time: 00:01:24

Health: 0/20       AC:  3    Str:  9    XL:     2   Next: 82%
Magic:  4/6        EV: 12    Int: 16    God:
Gold:   4          SH:  0    Dex: 14    Spells: 3/6 levels left

rFire   . . .      SeeInvis .   (no weapon)
rCold   . . .      Faith    .   (no shield)
rNeg    . . .      Spirit   .   a - +0 robe
rPois   .          Reflect  .   (no helmet)
rElec   .          Harm     .   (no cloak)
rCorr   .          Rampage  .   (no gloves)
Will    .....                   d - +0 pair of boots
Stlth   +.........              (no amulet)
HPRegen 0.06/turn               (no ring)
MPRegen 0.10/turn               (no ring)

@: glowing
A: sense surroundings 1, otherworldly, glowing, explore regen
a: no special abilities


You were on level 1 of the Dungeon.
You visited 1 branch of the dungeon, and saw 2 of its levels.

You collected 4 gold pieces.

Inventory:

Armour
 a - a +0 robe (worn)
 d - a +0 pair of boots (worn)
Potions
 c - a potion of berserk rage {unknown}
 e - a potion of heal wounds {unknown}


   Skills:
 + Level 2.4 Dodging
 - Level 1.4 Stealth
 + Level 2.9 Spellcasting
 + Level 1.3 Conjurations
 + Level 4.3 Fire Magic


You had 3 spell levels left.
You knew the following spells:

 Your Spells              Type           Power      Damage    Failure   Level
a - Foxfire               Conj/Fire      44%        2x1d6     6%          1
b - Scorch                Fire           32%        2d7       4%          2

Your spell library contained the following spells:

 Spells                   Type           Power      Damage    Failure   Level
 Conjure Flame            Conj/Fire      11%        6-21      17%         3
 Inner Flame              Hex/Fire       9%         N/A       22%         3
 Flame Wave               Conj/Fire      11%        2d6       50%         4


Dungeon Overview and Level Annotations

Branches:
Dungeon (2/15) Zot: 1041

Altars:


Innate Abilities, Weirdness & Mutations

You passively map a small area around you.
You are easily found by Zot.
You glow in the dark.
You regain HP and MP as you explore.


Message History

You start memorising the spell.
You continue memorising. x2
Your magical contamination has completely faded away.
You finish memorising.
Spell assigned to 'b'.
Okay, then.
You climb downwards.
The jackal bites you. The ball python barely misses you.
The ball python grabs you. The ball python constricts you.
The quokka bites you. The jackal barely misses you.
The kobold barely misses you. The ball python bites you.
The ball python constricts you. The quokka closely misses you.
There is a stone staircase leading up, spattered with blood here.
Casting: Foxfire (safe; 6% risk of failure)
Confirm with . or Enter, or press ? or * to list all spells.
You conjure some foxfire!
A bat comes into view.
The jackal barely misses you. The kobold misses you.
The ball python bites you but does no damage.
The ball python constricts you. The quokka bites you. The jackal bites you.
You escape the ball python's grasp.
The foxfire hits the ball python.
You kill the ball python!
The foxfire hits the jackal.
The jackal is moderately wounded.
The jackal bites you. The quokka bites you. The kobold barely misses you.
The adder barely misses you.
You climb upwards.
There is a stone staircase leading down here.
The jackal attacks as you move away! The jackal closely misses you.
The quokka bites you.
* * * LOW HITPOINT WARNING * * *
The jackal bites you.
* * * LOW HITPOINT WARNING * * *
The quokka bites you.
* * * LOW HITPOINT WARNING * * *
Magic courses through your body. The quokka bites you.
* * * LOW HITPOINT WARNING * * *
Casting: Foxfire (safe; 6% risk of failure)
Confirm with . or Enter, or press ? or * to list all spells.
Flames lash the jackal.
You kill the jackal!
The quokka bites you.
You die...

##*#..........#
#.###.........#
.#.[.#........# ,* ,
#..8.⌠#.......# *
#.8..###......# , , ,
#...#∩#⌠#.##.## # *
.#⌠#_#...###.# ####.#
..###..8.#.#.######....#
.§.#⌠.8..#......@rK.# *
#...#)..#..#######..#
#.##.###.#.# #.†#
#.#......#.# #..#
#.#.##.#.# # #..# #.#.
..#.#, #..# ..#. # #..#
..######.# ...#
..'......# ,..#.#


You could see a quokka and a kobold.

Vanquished Creatures
  3 ball pythons
  An endoplasm (D:1)
  2 goblins (D:1)
  A hobgoblin (D:1)
  3 jackals
  A kobold (D:1)
  A bat (D:2)
  A frilled lizard (D:1)
  A rat (D:2)
14 creatures vanquished.

Vanquished Creatures (others)
  36 foxfires
36 creatures vanquished.

Grand Total: 50 creatures vanquished

Notes
Turn   | Place    | Note
-------+----------+-------------------------------------------
     0 | D:1      | hawla the Meteoran Fire Elementalist began the quest for
                  | the Orb.
     0 | D:1      | Reached XP level 1. HP: 14/14 MP: 5/5
    32 | D:1      | Reached skill level 4 in Fire Magic
    49 | D:1      | Reached XP level 2. HP: 20/20 MP: 2/6
   100 | D:1      | Found a faded altar of an unknown god.
   148 | D:1      | Learned a level 2 spell: Scorch
   155 | D:1      | HP: 1/20 [quokka (2)]
   156 | D:1      | Slain by a quokka

Illustrated notes

Levels and vault maps discovered:
D:1:      minmay_arrival_cross, layout_basic, shapermc_ecumenical_altar_venn
D:2:      layout_rooms, serial_shops, nicolae_shop_crystal

Skill      XL: |  1 |
---------------+----+-----
Fire Magic     | 4 |  4.3
Dodging        | |  2.4
Stealth        | |  1.4
Spellcasting   | |  2.9
Conjurations   | |  1.3

Action                   || total
-------------------------++-------
Melee: Unarmed           ||     4
 Cast: Foxfire           ||    21
       Scorch            ||     1
  Use: Potion            ||     1
Armor: Robe              ||     1
Dodge: Dodged            ||    10
